[Event "Late-Titled-Tuesday-Blitz-June-18-2024"]
[Site "Chess.com"]
[Date "2024.06.18"]
[Round "9"]
[White "jup1978"]
[Black "egnfanclub"]
[Result "0-1"]
[WhiteElo "2429"]
[BlackElo "2342"]
[TimeControl "180+1"]
[EndTime "15:46:05 PDT"]
[Termination "egnfanclub won by checkmate"]

1. e4 e5 2. Nf3 Nc6 3. Bc4 Nf6 4.
d3 Bc5 5. Be3 Bxe3 6. fxe3 d5 7.
exd5 Nxd5 8. Qe2 O-O 9. a3 Nf6 10. Nbd2 h6 11. O-O Qe7 12. h3 Be6 13. Rf2 Bxc4 14.
Nxc4 e4 15. Nd4 Nxd4 16. exd4 Rfe8 17. dxe4 Qxe4 18. Qxe4 Rxe4 19. c3 Nd5 20. Raf1 f6 21. Rf5 c6 22. Nd2 Re6 23. R5f3 Rae8 24. Nb3 b6 25. Nc1 Ne3 26. Re1 Nc4 27. Rxe6 Rxe6 28. Nd3 Re2 29. Rf2 Re3 30. Nb4 Re6 31. Kf1 Ne3+ 32.
Kg1 Nc4 33. Nd3 Re3 34. Nf4 Re1+ 35. Kh2 Kf7 36. Nd3 Rd1 37. Nb4 c5 38. dxc5 bxc5 39. Na6 Rd5 40. a4 f5 41. b3 Ne3 42. c4 Re5 43.
Nc7 g5 44. Rd2 Nf1+ 45. Kg1 Nxd2 46. Kf2 Nxb3 47. Nb5 a6 48. Nc7 Nd2 49. Nxa6 Nxc4 50. Nc7 Ke7 51. Nb5 Kd7 52. h4 Kc6 53. hxg5 hxg5 54.
Kf3 Nb2 55. Nc3 c4 56. a5 Kc5 57. g4 f4 58. Nd1 Nxd1 59. Kg2 Re2+ 60. Kh3 Re3+ 61. Kh2 Ra3 62. a6 Rxa6 63. Kh3 Kd4 64. Kh2 Ke3 65. Kg2 f3+ 66. Kh3 f2 67. Kg3 Ke2 68.
Kh2 f1=Q 69. Kg3 Ra3+ 70. Kh2 Rh3# 0-1

[Event "Late-Titled-Tuesday-Blitz-June-18-2024"]
[Site "Chess.com"]
[Date "2024.06.18"]
[Round "9"]
[White "SRob2003"]
[Black "Artem_Koval"]
[Result "1-0"]
[WhiteElo "2709"]
[BlackElo "2573"]
[TimeControl "180+1"]
[EndTime "15:46:08 PDT"]
[Termination "SRob2003 won by resignation"]

1. e4 c5 2. Nf3 d6 3. d4 cxd4 4. Nxd4 Nf6 5. Nc3 a6 6. Bg5 Nbd7 7. Bc4 Qc7 8. Qe2 b5 9. Bb3 Bb7 10. O-O-O e6 11. f4 Nc5 12. e5 dxe5 13. fxe5 Nfe4 14. Nxe4 Nxe4 15. Bh4 Bc5 16. Nxe6 fxe6 17. Bxe6 Be7 18. Rd7 Qxd7 19. Bxd7+ Kxd7 20. Qg4+ Kc7 21. Bxe7 Rhe8 22. Qxg7 Kb6 23. Re1 Rac8 24. Qxh7 Rc4 25. b3 Rc7 26. Qg6+ Ka7 27. Qxe8 Nc3 28. Bd6 Rc6 29. Qb8+ Kb6 30. Kb2 b4 31. Qd8+ Kb5 32. Qe7 a5 33. Qxb7+ Rb6 34. Qd7+ Ka6 35. e6 a4 36. Qc8+ Ka7 37.
bxa4 Nxa4+ 38. Kc1 Rc6 39. Qc7+ Rxc7 40. Bxc7 Nc3 41. e7 Nxa2+ 42. Kb2 Kb7 43. e8=Q 1-0

[Event "Late-Titled-Tuesday-Blitz-June-18-2024"]
[Site "Chess.com"]
[Date "2024.06.18"]
[Round "9"]
[White "Bykov_Egor"]
[Black "KarlEmilElmer"]
[Result "1-0"]
[WhiteElo "2622"]
[BlackElo "2287"]
[TimeControl "180+1"]
[EndTime "15:46:08 PDT"]
[Termination "Bykov_Egor won by checkmate"]

1. e4 c5 2. c3 e6 3. d4 d5 4. e5 Nc6 5. Nf3 Bd7 6. Bd3 Qb6 7. a3 cxd4 8. O-O Nge7 9. Re1 Ng6 10. h4 Be7 11. g3 O-O-O 12. b4 f6 13. cxd4 fxe5 14. dxe5 Rdf8 15. Be3 d4 16. Bc1 Kb8 17. Nbd2 Qc7 18. Qe2 Qd8 19. h5 Nf4 20. gxf4 Rxf4 21. Ne4 Rg4+ 22.
Ng3 Bh4 23. Kg2 Bxg3 24. fxg3 Rf8 25. Rf1 h6 26. Bd2 a6 27. Nh2 Rxf1 28. Rxf1 Ne7 29. Qxg4 Bc6+ 30. Be4 Nf5 31. Bxc6 bxc6 32. Rxf5 exf5 33.
Qxf5 d3 34. Qe4 Kb7 35. Nf3 Qe7 36. Nd4 Qd7 37. Qxc6+ Qxc6+ 38. Nxc6 Kxc6 39. Kf3 Kd5 40. Ke3 Kxe5 41. Kxd3 Kf5 42. a4 Kg4 43. Be1 Kxh5 44. b5 axb5 45. axb5 Kg4 46. b6 g5 47. b7 h5 48. b8=Q h4 49. Qc8+ Kf3 50. Qf5+ Kg2 51. gxh4 gxh4 52. Bxh4 Kh2 53. Bd8 Kg2 54. Ke2 Kh2 55.
Qg5 Kh1 56. Kf2 Kh2 57. Qg2# 1-0

[Event "Late-Titled-Tuesday-Blitz-June-18-2024"]
[Site "Chess.com"]
[Date "2024.06.18"]
[Round "9"]
[White "Byniolus"]
[Black "SpeedofLight0"]
[Result "0-1"]
[WhiteElo "2762"]
[BlackElo "3037"]
[TimeControl "180+1"]
[EndTime "15:46:09 PDT"]
[Termination "SpeedofLight0 won on time"]

1. d4 g6 2. Nf3 Bg7 3. Bf4 d6 4. e3 Nd7 5. h3 e5 6. Bh2 Nh6 7. Be2 O-O 8. O-O Kh8 9. Re1 f5 10.
c4 g5 11. dxe5 dxe5 12. Nc3 c6 13. Qd6 Nf7 14. Qa3 h5 15. Rad1 g4 16. hxg4 hxg4 17. Nd2 Qh4 18. Bg3 Qh6 19. f4 gxf3 20. Nxf3 Nf6 21.
Bf1 Ng4 22. Qe7 Bf6 23. Qc7 Kg7 24. Rd6 Re8 25. Nh4 Qh5 26. Rxf6 Nxf6 27. Nf3 Ng4 28.
Rd1 Qh6 29. Rd3 e4 30. Bf4 Qh5 31. Ng5 exd3 32. Bxd3 Be6 33. Na4 b6 34. c5 Rad8 35. Be2 b5 36. Nc3 Qg6 37. Nxf7 Qxf7 38. Qxc6 Nf6 39.
Be5 Kg6 40. Qf3 Ng4 41. Bd4 Bc4 42. Bd1 Rxd4 43. exd4 Re1+ 0-1

[Event "Late-Titled-Tuesday-Blitz-June-18-2024"]
[Site "Chess.com"]
[Date "2024.06.18"]
[Round "9"]
[White "GoltsevDmitry2000"]
[Black "Fandorine"]
[Result "0-1"]
[WhiteElo "2729"]
[BlackElo "2926"]
[TimeControl "180+1"]
[EndTime "15:46:10 PDT"]
[Termination "Fandorine won by checkmate"]

1. e4 c5 2. Nf3 d6 3. d4 cxd4 4. Nxd4 Nf6 5. Nc3 a6 6. Be2 e6 7.
O-O Be7 8. Bg5 O-O 9. Qd2 Qc7 10. Rad1 b5 11. a3 Bb7 12. Nb3 Nbd7 13. f3 Rac8 14. Be3 Rfd8 15. Qe1 Nb6 16. Qf2 Nc4 17. Bxc4 bxc4 18. Bb6 Qb8 19. Bxd8 Bxd8 20. Nd4 Bb6 21. Kh1 e5 22. Nce2 exd4 23. Nxd4 d5 24. exd5 Bxd5 25.
c3 h6 26. Rfe1 Re8 27. Qh4 Rxe1+ 28. Rxe1 Bxd4 29. Qxd4 Qxb2 30. a4 Qa3 31. Rb1 Qxa4 32. Qe5 Be6 33. h4 Qc2 34. Ra1 Qf2 35. Rxa6 Qxh4+ 36.
Kg1 Qg5 37. Qd4 Kh7 38. Ra8 Qd5 39. Qa7 Qd2 40. Qa5 Qe1+ 41. Kh2 Qh4+ 42. Kg1 Nd5 43. Rd8 Nf4 44. Qa8 Qe1+ 45. Kh2 Qe2 46. Kg3 Qe5 47. Kf2 Bd5 48. Qb8 Qe2+ 49. Kg3 Qxg2+ 50. Kxf4 Qg5# 0-1

[Event "Late-Titled-Tuesday-Blitz-June-18-2024"]
[Site "Chess.com"]
[Date "2024.06.18"]
[Round "9"]
[White "Arteler"]
[Black "cthulhuuu"]
[Result "0-1"]
[WhiteElo "2223"]
[BlackElo "2395"]
[TimeControl "180+1"]
[EndTime "15:46:10 PDT"]
[Termination "cthulhuuu won by checkmate"]

1. Nf3 Nf6 2. d4 g6 3. c4 Bg7 4. g3 O-O 5. Bg2 d6 6. O-O c5 7. dxc5 dxc5 8. Nc3 Nc6 9. Qc2 Be6 10. Rd1 Qa5 11. b3 Bf5 12. Qd2 Ne4 13. Nxe4 Qxd2 14. Bxd2 Bxe4 15. Rac1 Bb2 16. Ng5 Bxg2 17. Rc2 Bg7 18.
Kxg2 Nd4 19. Rcc1 Nxe2 20. Rb1 Rad8 21. Be3 Nc3 22. Rxd8 Rxd8 23. Rc1 Nxa2 24. Rc2 Nb4 25.
Re2 b6 26. Bd2 e6 27. Bxb4 cxb4 28. Ra2 a5 29. Nf3 Rd3 30. Nd2 Bh6 31. Ne4 Rxb3 32. c5 bxc5 33. Nxc5 Ra3 34. Rc2 Rc3 35. Rxc3 bxc3 36.
f4 c2 37. Nb3 a4 38. Nc1 e5 39.
Kf2 exf4 40. gxf4 Bxf4 41. Nd3 c1=Q 42. Nxc1 Bxc1 43. Ke2 a3 44. Kd3 a2 45. Kc2 a1=Q 46.
Kd3 Qe5 47. Kc2 Be3 48. Kb3 Qc5 49. Kb2 Bd4+ 50. Ka2 Qb4 51. h4 Qb2# 0-1

[Event "Late-Titled-Tuesday-Blitz-June-18-2024"]
[Site "Chess.com"]
[Date "2024.06.18"]
[Round "9"]
[White "Laico"]
[Black "dosto07"]
[Result "0-1"]
[WhiteElo "2444"]
[BlackElo "2603"]
[TimeControl "180+1"]
[EndTime "15:46:11 PDT"]
[Termination "dosto07 won on time"]

1. e4 e5 2. Nc3 Nf6 3. f4 d5 4.
fxe5 Nxe4 5. Qf3 Nc6 6. Bb5 Nxc3 7. dxc3 Be7 8. Bf4 O-O 9. O-O-O Be6 10. h4 Qc8 11. Qg3 Kh8 12. Nf3 Rd8 13. Ng5 h6 14.
Nxe6 Qxe6 15. Be2 Bc5 16. Bg4 Qg6 17. h5 Qh7 18. e6 f5 19. Bf3 Bd6 20. Rxd5 Ne7 21.
Rd4 Qg8 22. Bxd6 cxd6 23. Rxd6 Qf8 24. Rhd1 Rxd6 25. Qxd6 Re8 26. Bxb7 Qf6 27. c4 f4 28. c5 Qg5 29. Bf3 Nf5 30. Qd7 Re7 31. Qc8+ Kh7 32. Be4 f3+ 33. Kb1 fxg2 34. Rg1 Qf4 35. Bd3 Qf2 36. Bxf5+ Qxf5 37. Qd8 Rxe6 38. Qd3 Qxd3 39. cxd3 Re2 40. c6 Rf2 41. c7 Rf1+ 42. Kc2 Rxg1 43.
c8=Q Rf1 44. Qd7 g1=Q 45. Kb3 Qg5 0-1

[Event "Late-Titled-Tuesday-Blitz-June-18-2024"]
[Site "Chess.com"]
[Date "2024.06.18"]
[Round "9"]
[White "Cxrjs"]
[Black "PapaieDudu"]
[Result "1-0"]
[WhiteElo "2523"]
[BlackElo "2380"]
[TimeControl "180+1"]
[EndTime "15:46:11 PDT"]
[Termination "Cxrjs won by checkmate"]

1. e4 c5 2. Nf3 d6 3. d4 cxd4 4. Nxd4 Nf6 5. Nc3 a6 6. Bg5 e6 7.
f4 Nbd7 8. Qf3 Qc7 9. O-O-O b5 10. e5 Bb7 11. Qg3 dxe5 12. Bxb5 axb5 13. Ndxb5 Qb8 14.
fxe5 Nxe5 15. Rhe1 Be7 16. Qxe5 O-O 17. Qxb8 Rfxb8 18. Re2 h6 19. Bf4 Rd8 20. Nd6 Bd5 21. Nxd5 Nxd5 22.
Rxd5 exd5 23. Rxe7 Rxa2 24. Bg3 h5 25. Nxf7 Rf8 26.
Ng5 Rf1+ 27. Kd2 Rxb2 28. Ne6 Rf6 29. Rxg7+ Kh8 30. Re7 Kg8 31. Be5 Rf2+ 32. Ke3 Rf7 33. Re8+ Rf8 34. Rxf8+ Kh7 35. Rh8+ Kg6 36. Nf4+ Kf5 37.
Bxb2 h4 38. Rh5+ Kg4 39. h3+ Kg3 40. Nxd5 Kh2 41. Rxh4 Kg3 42. Rg4+ Kh2 43. Be5+ Kg1 44. Kf3 Kf1 45. Re4 Kg1 46. Re1# 1-0

[Event "Late-Titled-Tuesday-Blitz-June-18-2024"]
[Site "Chess.com"]
[Date "2024.06.18"]
[Round "9"]
[White "Mikayel99"]
[Black "Zurability"]
[Result "0-1"]
[WhiteElo "2672"]
[BlackElo "2817"]
[TimeControl "180+1"]
[EndTime "15:46:12 PDT"]
[Termination "Zurability won by resignation"]

1. Nf3 d5 2. d4 Nf6 3. g3 c6 4.
Bg2 Bf5 5. O-O h6 6. c4 e6 7. b3 Nbd7 8. Nc3 Bd6 9. Nd2 O-O 10. e4 dxe4 11. Ndxe4 Nxe4 12. Nxe4 Be7 13. Bb2 Nf6 14. Qe2 Nxe4 15. Bxe4 Bxe4 16. Qxe4 Bf6 17. Rfd1 Qa5 18.
Qc2 Rfd8 19. Rd3 Rd7 20. Rad1 Rad8 21. Bc3 Qf5 22. Qe2 c5 23. g4 Qg6 24. d5 Bxc3 25. Rxc3 exd5 26. cxd5 Rxd5 27. Rxd5 Rxd5 28. h3 b6 29. Kg2 Rd4 30. Qe8+ Kh7 31. Rf3 f6 32. Qe2 Qe4 33. Qa6 Qd5 34. Kg3 Qe5+ 35. Kg2 h5 36.
gxh5 Qg5+ 37. Rg3 Qd5+ 38. Rf3 Kh6 39. Qc8 Qg5+ 40. Rg3 Qd5+ 41. Kh2 Kh7 42. Qc7 Qd7 43. Qb8 Rd1 44. h6 g5 45. Qf8 Qb7 46. f3 Qd7 47.
Rg2 Qd6+ 48. Rg3 Qxf8 0-1

[Event "Late-Titled-Tuesday-Blitz-June-18-2024"]
[Site "Chess.com"]
[Date "2024.06.18"]
[Round "9"]
[White "King_Deded4d5"]
[Black "Adar_07"]
[Result "0-1"]
[WhiteElo "2510"]
[BlackElo "2805"]
[TimeControl "180+1"]
[EndTime "15:46:14 PDT"]
[Termination "Adar_07 won on time"]

1. d4 Nf6 2. Nf3 e6 3. Bf4 c5 4. e3 Nc6 5. Nbd2 d5 6. c3 Be7 7.
h4 O-O 8. Bd3 b6 9. h5 h6 10.
Ne5 Nxe5 11. dxe5 Nd7 12. Qg4 Kh8 13. Rh3 f5 14. Qg6 c4 15. Bc2 Bg5 16. Rg3 Qe8 17.
Bxg5 Qxg6 18. hxg6 hxg5 19. Rxg5 Nxe5 20. Ke2 Rf6 21.
Rh1+ Kg8 22. f4 Nxg6 23. Nf3 Bd7 24. Rgh5 Be8 25. g4 fxg4 26. Ng5 Nxf4+ 27. exf4 Bxh5 28.
Rxh5 Rh6 29. Bh7+ Kf8 30. Rxh6 gxh6 31. Nxe6+ Kf7 32. f5 Kf6 33. Kf2 h5 34. Kg3 Re8 35.
Kf4 Re7 36. Bg8 g3 37. Kxg3 Kxf5 38. Nd4+ Ke4 39. Kh4 Re5 40. Bh7+ Ke3 0-1

[Event "Late-Titled-Tuesday-Blitz-June-18-2024"]
[Site "Chess.com"]
[Date "2024.06.18"]
[Round "9"]
[White "Lupul_Cenusiu"]
[Black "Mikhal867"]
[Result "1-0"]
[WhiteElo "2667"]
[BlackElo "2448"]
[TimeControl "180+1"]
[EndTime "15:46:14 PDT"]
[Termination "Lupul_Cenusiu won by checkmate"]

1. e4 g6 2. d4 Bg7 3. Nc3 d6 4. Bc4 e6 5. f4 Ne7 6. Nf3 b6 7. Be3 Bb7 8. Bf2 a6 9. a4 O-O 10. O-O d5 11. Bd3 Nbc6 12. e5 Nb4 13. Be2 Rc8 14. Nb1 a5 15. c3 Na6 16. Na3 c5 17. Nb5 c4 18. Bh4 Qd7 19. Bf6 Nc7 20. Nd6 Rb8 21. Bxg7 Kxg7 22. Qe1 Nf5 23. Nxb7 Rxb7 24. Bd1 h5 25. h3 Rh8 26. g4 hxg4 27. hxg4 Nh6 28.
Qg3 Rbb8 29. Bc2 Rbg8 30. Kf2 Kf8 31. Ke2 Rg7 32. Rh1 Rgh7 33. Ng5 Rg7 34. Rh2 Rgg8 35. Rah1 b5 36. Rxh6 Rxh6 37. Rxh6 bxa4 38. Nh7+ Ke7 39. Qh4+ g5 40. Nxg5 Qb5 41. Nxe6+ Kd7 42. Nxc7 Kxc7 43.
Qe7+ Kb8 44. Qxf7 Rc8 45. Rh7 Qb6 46. Qf6 Qxb2 47. Qd6+ Ka8 48. Qa6+ Kb8 49. Qa7# 1-0

[Event "Late-Titled-Tuesday-Blitz-June-18-2024"]
[Site "Chess.com"]
[Date "2024.06.18"]
[Round "9"]
[White "Colombiano07"]
[Black "Matalon"]
[Result "1/2-1/2"]
[WhiteElo "2345"]
[BlackElo "2489"]
[TimeControl "180+1"]
[EndTime "15:46:14 PDT"]
[Termination "Game drawn by repetition"]

1. d4 Nf6 2. Nf3 g6 3. Nc3 d5 4. Bf4 Bg7 5. Nb5 Na6 6. e3 O-O 7. h3 Ne4 8. Bd3 c6 9. Na3 Nc7 10. O-O c5 11. c3 Bf5 12. Nb5 Nxb5 13. Bxb5 c4 14. Ba4 a6 15. Bc2 b5 16. a3 a5 17.
Ne5 f6 18. Nf3 Qb6 19. Nd2 Nxd2 20. Qxd2 Bxc2 21. Qxc2 b4 22. axb4 axb4 23. e4 e6 24. exd5 exd5 25. Rfe1 Rxa1 26. Rxa1 Re8 27. Qd2 f5 28.
Bh6 Bh8 29. Ra4 bxc3 30. bxc3 Qb1+ 31. Kh2 Qe4 32. Ra7 Bf6 33. Qb2 Be7 34. Qb6 f4 35.
Qc6 Bh4 36. Qd7 Re7 37. Qd8+ Kf7 38. Qf8+ Ke6 39. Qg8+ Kd6 40. Bf8 Bg3+ 41. fxg3 fxg3+ 42. Kxg3 Qe3+ 43. Kh2 Qf4+ 44. Kg1 Qe3+ 45. Kh2 Qf4+ 46. Kg1 Qe3+ 47. Kh2 1/2-1/2

[Event "Late-Titled-Tuesday-Blitz-June-18-2024"]
[Site "Chess.com"]
[Date "2024.06.18"]
[Round "9"]
[White "DryCounty"]
[Black "Barboval"]
[Result "1-0"]
[WhiteElo "2673"]
[BlackElo "2548"]
[TimeControl "180+1"]
[EndTime "15:46:16 PDT"]
[Termination "DryCounty won by resignation"]

1. e4 Nf6 2. e5 Nd5 3. d4 d6 4. Nf3 Bf5 5. Bd3 Bxd3 6. Qxd3 e6 7. O-O Nc6 8. exd6 Qxd6 9. c4 Nf4 10. Qe4 Ng6 11.
Nc3 O-O-O 12. Bg5 Be7 13. Bxe7 Qxe7 14. Rad1 Qf6 15. d5 Nce5 16. Nxe5 Qxe5 17. Qxe5 Nxe5 18. dxe6 Nxc4 19. exf7 Rhf8 20. b3 Rxd1 21. Rxd1 Nd6 22. f4 Rxf7 23. g3 Re7 24. Kf2 Ne4+ 25. Nxe4 Rxe4 26.
Kf3 Rb4 27. f5 a5 28. g4 a4 29. Rd3 axb3 30. axb3 c5 31. g5 c4 32. bxc4 Rxc4 33.
Kg3 b5 34. f6 gxf6 35. gxf6 Rc7 36. Kf4 b4 37. Kf5 Rc5+ 38. Ke6 Rc6+ 39. Ke7 Rc7+ 40. Kf8 Rc3 41. Rd4 b3 42. Rb4 Kd7 43. f7 Ke6 44.
Rb6+ Kf5 45. Kg7 Rc7 46. Rxb3 h5 47. Rf3+ Kg4 48. Rf2 Kh3 49. Kg8 h4 50. Rf3+ Kxh2 51. f8=Q Rc4 52. Rf4 Rxf4 53. Qxf4+ Kh3 54. Qg5 Kh2 55.
Qxh4+ 1-0

[Event "Late-Titled-Tuesday-Blitz-June-18-2024"]
[Site "Chess.com"]
[Date "2024.06.18"]
[Round "9"]
[White "LUISMIGUELOV"]
[Black "CoachVadim"]
[Result "1-0"]
[WhiteElo "2223"]
[BlackElo "2377"]
[TimeControl "180+1"]
[EndTime "15:46:18 PDT"]
[Termination "LUISMIGUELOV won on time"]

1. d4 Nf6 2. c3 g6 3. Bg5 Bg7 4.
Nf3 Ne4 5. h4 c5 6. e3 Qb6 7. Qb3 h6 8. Qxb6 axb6 9. Bf4 d5 10. Nbd2 Nxd2 11. Kxd2 Nc6 12. Bb5 Bd7 13. a4 Na5 14. Bxd7+ Kxd7 15. Kc2 c4 16. Be5 f6 17. Bg3 Nb3 18. Ra3 Ra6 19. Nd2 Nxd2 20. Kxd2 Rha8 21.
h5 g5 22. f4 Rxa4 23. Rxa4 Rxa4 24. fxg5 fxg5 25. Rf1 Ke6 26. Bc7 b5 27. Re1 b4 28.
e4 Kd7 29. Be5 Bxe5 30. dxe5 dxe4 31. Rxe4 Ra2 32. Kc2 b3+ 33. Kb1 b5 34. e6+ Kd6 35. g4 Ra8 36. Rd4+ Kxe6 37. Re4+ Kf6 38. Rd4 Ke6 39.
Re4+ Kd6 40. Rd4+ Kc5 41. Re4 Rf8 42. Kc1 Rf1+ 43. Kd2 Rb1 44. Re5+ Kc6 45. Re6+ Kd5 46. Rxh6 Rxb2+ 47. Kc1 Rc2+ 48. Kb1 Rxc3 49. Rb6 Kc5 50. Rb7 Rh3 51. Rxe7 1-0

[Event "Late-Titled-Tuesday-Blitz-June-18-2024"]
[Site "Chess.com"]
[Date "2024.06.18"]
[Round "9"]
[White "mishanick"]
[Black "nihalsarin"]
[Result "1-0"]
[WhiteElo "3167"]
[BlackElo "3192"]
[TimeControl "180+1"]
[EndTime "15:46:22 PDT"]
[Termination "mishanick won by resignation"]

1. d4 Nf6 2. c4 e6 3. Nc3 d5 4. Nf3 Bb4 5. Qa4+ Nc6 6. Qc2 O-O 7. e3 dxc4 8. Bxc4 Bd6 9. O-O e5 10. h3 h6 11. Rd1 Qe7 12. Nh4 Rd8 13. Nf5 Bxf5 14.
Qxf5 exd4 15. exd4 Nxd4 16. Rxd4 Qe1+ 17. Bf1 Bh2+ 18.
Kxh2 Rxd4 19. Be2 Re8 20. Rb1 Rxe2 21. Be3 Rxe3 22. Rxe1 Rxe1 23. Qc8+ Re8 24. Qxb7 Rd2 25. Qxa7 Rxb2 26. a4 Rc2 27. Qd4 Re6 28. a5 Rd6 29. Qb4 Rxf2 30. Qb7 Rdd2 31. a6 Rb2 32. Qc6 Rfc2 33.
a7 Ra2 34. a8=Q+ Rxa8 35. Qxa8+ Kh7 36. Qf3 Kg8 37. Qd3 Rb2 38. Ne2 Rb6 39. Ng3 Re6 40.
Nf5 h5 41. Qd8+ Re8 42. Qxc7 Rf8 43. Qg3 g6 44. Ne3 Kg7 45. Qe5 Re8 46. Qf4 Re6 47. Qg5 Nh7 48. Nf5+ Kg8 49. Qd8+ Nf8 50. Nd6 Kg7 51. Qc7 Re2 52. Qxf7+ 1-0

[Event "Late-Titled-Tuesday-Blitz-June-18-2024"]
[Site "Chess.com"]
[Date "2024.06.18"]
[Round "9"]
[White "Mops_2004"]
[Black "GMG"]
[Result "0-1"]
[WhiteElo "2822"]
[BlackElo "2715"]
[TimeControl "180+1"]
[EndTime "15:46:22 PDT"]
[Termination "GMG won on time"]

1. g3 d5 2. Nf3 Bg4 3. Bg2 Nd7 4. h3 Bh5 5. d4 e6 6. O-O Bd6 7. c4 c6 8. Qb3 Rb8 9. Nc3 Ngf6 10. Nd2 b5 11.
cxb5 c5 12. dxc5 Nxc5 13. Qd1 O-O 14. Nb3 Nxb3 15. axb3 Bc5 16. Bf4 Rb7 17. Be5 Qe7 18. Qd2 Nd7 19. Bf4 Bb4 20. e4 Nc5 21. exd5 Nxb3 22.
d6 Qd7 23. Qd3 Bg6 24. Qd1 Nxa1 25. Bc6 Qc8 26. d7 Rxd7 27. Bxd7 Qd8 28. Bc6 Nc2 29.
h4 Bc5 30. h5 Qxd1 31. Rxd1 Bxh5 32. Rd7 h6 33. Ne4 Bb6 34. Bd6 Rd8 35. Rxd8+ Bxd8 36. Bb8 Bb6 37. Nd6 Nd4 38. Nc8 Be2 39. Bxa7 Bxa7 40.
Nxa7 Nf3+ 41. Bxf3 Bxf3 42. Nc6 Kf8 43. Nd4 Bd5 44.
Kf1 Ke7 45. Ke2 Kd6 46. b4 g6 47. Ke3 e5 48. Ne2 f5 49. f4 g5 0-1

[Event "Late-Titled-Tuesday-Blitz-June-18-2024"]
[Site "Chess.com"]
[Date "2024.06.18"]
[Round "9"]
[White "MaestroCheck"]
[Black "urano56"]
[Result "1-0"]
[WhiteElo "2625"]
[BlackElo "2413"]
[TimeControl "180+1"]
[EndTime "15:46:22 PDT"]
[Termination "MaestroCheck won by resignation"]

1. e4 e6 2. d4 d5 3. Nd2 c5 4. Ngf3 Nc6 5. exd5 exd5 6. Bb5 Nf6 7.
O-O cxd4 8. Re1+ Be7 9. Nb3 O-O 10. h3 a6 11. Bf1 Ne4 12. Nfxd4 Nxd4 13. Nxd4 Bc5 14.
Be3 Qf6 15. c3 Be6 16. Nf3 Rac8 17. Bxc5 Rxc5 18. Qd4 Rfc8 19. Qxf6 Nxf6 20. Rad1 b5 21. Nd4 Bd7 22. Re5 a5 23. Nb3 R5c7 24. g4 h6 25. a3 b4 26. cxb4 axb4 27. axb4 Ba4 28. Rd3 Rc2 29.
Nc5 Bb5 30. Rc3 Rxc3 31. bxc3 Bxf1 32. Kxf1 Ra8 33. f3 Ra2 34. Re2 Ra1+ 35. Kf2 Rc1 36. Re3 g6 37. Kg3 Kg7 38. Kf4 Rd1 39. Ke5 Rh1 40.
f4 g5 41. fxg5 hxg5 42. Rf3 Re1+ 43. Kd6 Kg6 44. Nd3 Re6+ 45. Kc5 Re4 46. Rf5 Rc4+ 47. Kd6 Rxc3 48. Ne5+ Kg7 49. Rxg5+ Kf8 50. Rf5 Ne8+ 51. Kxd5 f6 52. Ng6+ Kg7 53. Nf4 Rb3 54. Kc4 Rf3 55. Nh5+ Kg6 56. Rxf3 Nd6+ 57. Kd5 1-0

[Event "Late-Titled-Tuesday-Blitz-June-18-2024"]
[Site "Chess.com"]
[Date "2024.06.18"]
[Round "9"]
[White "Chempiblinka"]
[Black "ATM622"]
[Result "1/2-1/2"]
[WhiteElo "2396"]
[BlackElo "2538"]
[TimeControl "180+1"]
[EndTime "15:46:22 PDT"]
[Termination "Game drawn by repetition"]

1. Nf3 Nf6 2. g3 e6 3. Bg2 d5 4. c4 dxc4 5. O-O c5 6. Na3 Be7 7. Nxc4 O-O 8. d3 Nc6 9. b3 Nd5 10. Bb2 b5 11. Nce5 Nxe5 12. Nxe5 Bb7 13. Rc1 Rc8 14. a3 a5 15. e3 Qd6 16. Qh5 Bf6 17.
d4 cxd4 18. exd4 Ba8 19. Nxf7 Qe7 20. Ne5 b4 21. a4 Nc3 22. Bxc3 Bxg2 23. Bxb4 Qxb4 24.
Kxg2 Rxc1 25. Rxc1 Qxd4 26. Nf3 Qb2 27. Rc7 Qxb3 28.
Qxa5 Bd8 29. Qc3 Qxc3 30. Rxc3 Bf6 31. Ra3 Ra8 32. a5 Ra6 33. Nd2 Kf7 34. Nc4 Bd8 35. Rb3 Ke7 36. Rb7+ Kf8 37. Rb5 Ke7 38. Kf3 Kd7 39.
Ke4 Kc6 40. Re5 Kd7 41. f4 Bf6 42. Rh5 h6 43. Rb5 Bd8 44. Ne5+ Ke8 45. Nc4 Kd7 46. Ne5+ Ke8 47. Rb8 Ke7 48. Rb5 Ke8 1/2-1/2

[Event "Late-Titled-Tuesday-Blitz-June-18-2024"]
[Site "Chess.com"]
[Date "2024.06.18"]
[Round "9"]
[White "Tunahan_Makaraci"]
[Black "stollenmonster"]
[Result "1-0"]
[WhiteElo "2640"]
[BlackElo "2873"]
[TimeControl "180+1"]
[EndTime "15:46:23 PDT"]
[Termination "Tunahan_Makaraci won by resignation"]

1. e4 c5 2. Nf3 Nf6 3. e5 Nd5 4. c3 Nc6 5. Bc4 Nb6 6. Bb3 g6 7. d4 cxd4 8. cxd4 Bg7 9. O-O O-O 10. Bf4 d6 11. Nc3 Bg4 12. exd6 Nxd4 13. dxe7 Qxe7 14. Re1 Qb4 15. Re4 Rad8 16. Be3 Nxf3+ 17. Qxf3 Bxf3 18.
Rxb4 Bc6 19. h3 Rd7 20. Re1 Rfd8 21. Bg5 Rc8 22. Nb5 Nd5 23. Bxd5 Bxd5 24. Nxa7 Ra8 25. Nb5 h6 26. Bf4 Rxa2 27. Nc3 Ra7 28. Nxd5 Rxd5 29.
Re8+ Kh7 30. Re7 Bf8 31. Rxf7+ Kg8 32. Rbxb7 Ra1+ 33. Kh2 g5 34. Be3 Rdd1 35. Rfd7 Bd6+ 36. g3 Be5 37. Rxd1 Rxd1 38. b4 Rb1 39. b5 Rb4 40. b6 Rb5 41. Re7 Bd6 42. Rd7 Be5 43. b7 Kf8 44. Kg2 Ke8 45. Rh7 Kd8 46. Kf3 Rb4 47. Ba7 Bc7 48. Rxc7 g4+ 49. hxg4 Kxc7 50. b8=Q+ 1-0

[Event "Late-Titled-Tuesday-Blitz-June-18-2024"]
[Site "Chess.com"]
[Date "2024.06.18"]
[Round "9"]
[White "Rhinos1"]
[Black "olakenn"]
[Result "1-0"]
[WhiteElo "2047"]
[BlackElo "1867"]
[TimeControl "180+1"]
[EndTime "15:46:23 PDT"]
[Termination "Rhinos1 won by resignation"]

1. e4 c6 2. d3 d5 3. Nd2 e6 4.
Ngf3 b6 5. g3 Bb7 6. Bg2 Nd7 7.
O-O Bd6 8. c3 Bc7 9. b3 Ne7 10.
Bb2 h5 11. c4 Ng6 12. exd5 cxd5 13. Bxg7 Rg8 14. Bb2 h4 15. Re1 hxg3 16. hxg3 Qb8 17.
Nf1 Nde5 18. Nxe5 Bxe5 19. Bxe5 Nxe5 20. Qh5 Ng6 21. cxd5 Qd6 22. dxe6 Bxg2 23. exf7+ Kxf7 24. Kxg2 Qc6+ 25. Qf3+ Qxf3+ 26. Kxf3 Raf8 27. Re4 Kf6 28. Rae1 Rd8 29. R1e3 Rgf8 30. Kg2 Kg7 31. Nd2 Rf7 32. f4 Rfd7 33. f5 Nf8 34. Re7+ Kf6 35. Rxd7 Rxd7 36. g4 Nh7 37. Kg3 Kg5 38. Ne4+ Kh6 39. Kf4 Rc7 40. Rh3+ Kg7 41. g5 Nf8 42. f6+ Kg6 43. Rh6+ Kf7 44.
Nd6+ Ke6 45. f7+ Ke7 46. Nf5+ Kd8 47. g6 Nxg6+ 48. Rxg6 Rxf7 49. Rg8+ Kc7 50. Rg7 Rxg7 51. Nxg7 Kc6 52. Ke4 1-0

[Event "Late-Titled-Tuesday-Blitz-June-18-2024"]
[Site "Chess.com"]
[Date "2024.06.18"]
[Round "9"]
[White "PNEPaul"]
[Black "Commando_Droid"]
[Result "0-1"]
[WhiteElo "1963"]
[BlackElo "2698"]
[TimeControl "180+1"]
[EndTime "15:46:23 PDT"]
[Termination "Commando_Droid won on time"]

1. e4 e5 2. Nf3 Nc6 3. Bc4 Nf6 4.
d4 exd4 5. O-O Nxe4 6. Re1 d5 7.
Bxd5 Qxd5 8. Nc3 Qh5 9. Nxe4 Be7 10. Ng3 Qd5 11. Bg5 f6 12. c4 Qxc4 13. Rc1 Qxa2 14. Nxd4 fxg5 15. Nxc6 bxc6 16. Qf3 Qd5 17. Qh5+ g6 18. Qh6 Be6 19. Rcd1 Qb3 20. Qg7 Rf8 21. Qxh7 Bf7 22. Ne4 Qe6 23. Nxg5 Qf6 24. Nxf7 Qxf7 25. Qh4 Rd8 26. Rxd8+ Kxd8 27. Qd4+ Bd6 28. Qxa7 Kd7 29. b4 Re8 30. Rd1 Qf4 31. g3 Qf3 32. Rf1 Re4 33.
Qb8 Rxb4 34. Qg8 Qf5 35. Qg7+ Kc8 36. Re1 Kb7 37. Rf1 g5 38. Qc3 g4 39. Qe3 Qb5 40.
Qh6 Bc5 41. Qg5 Bb6 42. Qh6 Rb2 43. Qf6 Qe2 44. Qf4 Qf3 45. Qxf3 gxf3 46. h4 c5 47. Kh2 c4 48. Kh3 Rxf2 0-1

[Event "Late-Titled-Tuesday-Blitz-June-18-2024"]
[Site "Chess.com"]
[Date "2024.06.18"]
[Round "9"]
[White "maurovargas01"]
[Black "Bala-Afiada"]
[Result "0-1"]
[WhiteElo "1942"]
[BlackElo "2065"]
[TimeControl "180+1"]
[EndTime "15:46:24 PDT"]
[Termination "Bala-Afiada won on time"]

1. e4 c5 2. Nc3 Nc6 3. f4 d6 4. Nf3 g6 5. Bb5 Bd7 6. d3 Bg7 7. O-O e6 8. g4 Nge7 9. a4 Nd4 10. Bxd7+ Qxd7 11. Be3 Nec6 12. Ng5 h6 13. Nh3 f5 14.
g5 hxg5 15. Nxg5 O-O-O 16. a5 Rh5 17. Kg2 Rdh8 18. Bg1 Qe7 19. a6 Rxg5+ 20. fxg5 Qxg5+ 21. Kh1 b6 22. Qd2 Qh5 23. Qg2 Be5 24. Rf2 g5 25. exf5 g4 26. fxe6 g3 27. e7 gxf2 28. Qxf2 Bxh2 29.
Bxh2 Nxe7 30. Qg2 Qf3 31. Rf1 Qxg2+ 32. Kxg2 Kd7 33. Rf6 Rg8+ 34. Kf2 Rh8 35. Bxd6 Ke8 36. Bxe7 Kxe7 37. Rf4 Rh2+ 38. Kg1 Rxc2 39. Re4+ Kd7 0-1